 Dungeon Crawl Stone Soup version 0.20.1-1-g8b1a95d (webtiles) character file.

17628 dohliylev the Unseen (level 12, 0/86 HPs)
             Began as a Vampire Enchanter on July 15, 2017.
             Was a High Priest of Nemelex Xobeh.
             Engulfed by a lindwurm's steam (3 damage)
             ... on level 2 of the Lair of Beasts.
             The game lasted 01:23:16 (16711 turns).

dohliylev the Unseen (Vampire Enchanter)           Turns: 16711, Time: 01:23:17

Health: 0/86       AC:  6    Str:  7    XL:     12   Next: 20%
Magic:  14/19      EV: 19    Int: 23    God:    Nemelex Xobeh [*****.]
Gold:   790        SH:  4    Dex: 14    Spells: 3/20 levels left

rFire    . . .     SeeInvis +   O - +4 dagger (flame)
rCold    + . .     Gourm    .   F - +0 buckler
rNeg     + . .     Faith    .   c - +1 robe {rC+}
rPois    .         Spirit   .   H - +0 helmet
rElec    .         Reflect  .   (no cloak)
rCorr    .         Harm     .   r - +0 pair of gloves
MR       +....                  a - +0 pair of boots
Stlth    +++.......             (no amulet)
Regen    0.3/turn               (no ring)
MPRegen  0.2/turn               (no ring)

@: about to teleport, very slow
A: fangs 3, see invisible, unbreathing
a: Bat Form, Triple Draw, Deal Four, Stack Five, Renounce Religion


You were on level 2 of the Lair of Beasts.
You worshipped Nemelex Xobeh.
Nemelex Xobeh was extremely pleased with you.
You were not thirsty.

You visited 2 branches of the dungeon, and saw 13 of its levels.

You collected 790 gold pieces.

Inventory:

Hand Weapons
 O - a +4 dagger of flaming (weapon)
Armour
 a - a +0 pair of boots (worn)
 c - a +1 robe of cold resistance (worn)
 r - a +0 pair of gloves (worn)
 E - a +0 robe of positive energy
 F - a +0 buckler (worn)
 H - a +0 helmet (worn)
 U - a +1 robe of resistance
 X - the +1 robe of a labyrinth {rElec MR+ Int-4 Slay+3}
   (You found it on level 10 of the Dungeon)

   It affects your intelligence (-4).
   It affects your accuracy and damage with ranged weapons and melee attacks
   (+3).
   It insulates you from electricity.
   It affects your resistance to hostile enchantments.
Magical Staves
 w - an uncursed staff of death
 J - an uncursed staff of wizardry
 T - an uncursed staff of summoning
 W - an uncursed staff of cold
Jewellery
 l - a +3 ring of intelligence
Wands
 e - a wand of lightning (8/15)
 h - a wand of acid (9/15)
 m - a wand of confusion (13/48)
 t - a wand of confusion (21/48)
 y - a wand of paralysis (13/24)
 L - a wand of digging (10/24)
 N - a wand of disintegration (6/24)
Scrolls
 f - 2 scrolls of fear
 g - 3 scrolls of fog
 i - a scroll of brand weapon
 j - a scroll of enchant armour
 n - a scroll of magic mapping
 p - a scroll of immolation
 G - a scroll of recharging
 Q - 4 scrolls of amnesia
 S - 3 scrolls of remove curse
Potions
 b - 3 potions of brilliance
 d - 18 potions of blood
 o - 2 potions of ambrosia
 s - 6 potions of haste
 v - 2 potions of degeneration {unknown}
 z - a potion of flight {unknown}
 A - 8 potions of curing
 D - a potion of berserk rage {unknown}
 I - 2 potions of mutation {unknown}
 P - a potion of magic {unknown}
Books
 q - a Young Poisoner's Handbook

   Spells                             Type                      Level
   a - Sting                          Conjuration/Poison           1
   b - Poisonous Vapours              Poison/Air                   2
   c - Mephitic Cloud                 Conjuration/Poison/Air       3
   d - Olgreb's Toxic Radiance        Poison                       4
   e - Venom Bolt                     Conjuration/Poison           5
Miscellaneous
 k - a plain deck of summoning {drawn: 1}
 u - an ornate deck of destruction
 x - an ornate deck of destruction
 B - a box of beasts
 C - a plain deck of summoning
 M - a plain deck of destruction {drawn: 6}
 R - an ornate deck of destruction
 V - a plain deck of escape
 Y - a plain deck of destruction
 Z - an ornate deck of escape


   Skills:
 * Level 5.4 Fighting
 - Level 10.0 Short Blades
 * Level 11.1 Dodging
 * Level 15.3 Stealth
 + Level 2.6 Shields
 + Level 4.7 Spellcasting
 + Level 9.7 Hexes
 + Level 4.4 Ice Magic


You had 3 spell levels left.
You knew the following spells:

 Your Spells              Type           Power        Failure   Level  Hunger
a - Corona                Hex            ######.      1%          1    None
b - Ensorcelled Hibernat  Hex/Ice        #####.       1%          2    None
c - Confuse               Hex            ######..     1%          3    ##.....
d - Pain                  Necr           #...         12%         1    None
e - Regeneration          Chrm/Necr      #.........   34%         3    ##.....
f - Vampiric Draining     Necr           #.........   34%         3    ##.....
g - Control Undead        Necr           #.........   75%         4    ####...


Dungeon Overview and Level Annotations

Branches:
Dungeon (11/15)            Temple (0/1) D:5            Lair (2/6) D:9
 Spider (0/4) Lair:2
  Swamp: Lair:2-4    Shoals: Lair:2-4       Orc: D:9-12

Altars:
Makhleb
Nemelex Xobeh
Beogh

Shops:
D:4 }


Innate Abilities, Weirdness & Mutations

You have razor-sharp teeth.
You have supernaturally acute eyesight. (SInv)
You can survive without breathing.


Message History

Splash!
Casting: Ensorcelled Hibernation
Confirm with . or Enter, or press ? or * to list all spells.
Aiming: Ensorcelled Hibernation
Press: ? - help, Shift-Dir - straight line, f/p - dire elephant
Aim: a dire elephant (chance to defeat MR: 7%)
The dire elephant resists with almost no effort.
The dire elephant tramples you!!
* * * LOW HITPOINT WARNING * * *
You hold your ground!
The dire elephant misses you.
The dire elephant tramples you but does no damage.
The dire elephant misses you. The lindwurm breathes flames at you.
The blast of flame misses you.
Unknown command.
As you read the scroll of teleportation, it crumbles to dust.
You feel strangely unstable.
You are engulfed in a cloud of scalding steam.
You die...
Your body glows slightly and disappears.

#≈k≈≈
♣..≈≈≈......
#≈≈#
#≈P≈PP≈.....
#k###
♣≈≈≈≈≈≈≈....
#!≈≈##
#≈≈≈≈≈≈≈≈..≈
#≈≈≈≈#
#≈≈≈≈≈≈≈≈.≈≈
#♣##≈#
#≈≈≈♣♣≈≈≈≈≈≈
##≈k#
♣♣≈≈♣♣≈≈≈≈≈≈
##Y§≈#
♣♣≈≈≈♣≈≈≈≈≈≈
#≈@≈##
#P≈≈≈♣P≈≈≈≈≈
#§≈##
#≈≈≈♣♣P.P≈≈≈
#≈≈##
#♣≈P♣♣♣....≈
#≈≈≈##
♣≈≈≈♣♣♣P....
##≈≈≈#
♣≈≈≈≈♣♣♣....
##≈≈# #≈≈≈≈♣
♣PP.. ###≈≈#
♣P≈≈♣♣ ♣♣♣..
#≈≈≈≈##♣≈≈≈♣
♣..
#≈≈≈≈≈#≈≈≈≈♣
♣♣♣


You could see a dire elephant and a lindwurm.

Vanquished Creatures
  Fannar (Lair:2)
  Harold (D:10)
  A hydra (Lair:1)
  A two-headed ogre (D:7)
  Urug (Lair:2)
  A sea snake (D:7)
  An ugly thing (D:11)
  A manticore (Lair:2)
  A cyclops (D:11)
  Psyche (D:9)
  2 elephants (Lair:2)
  2 black mambas (Lair:2)
  A spiny frog (Lair:1)
  A rime drake (Lair:2)
  3 komodo dragons
  6 hippogriffs
  A redback (Lair:2)
  A yak (D:10)
  5 hungry ghosts
  A steam dragon (D:10)
  3 porcupines
  6 water moccasins
  A black bear (D:10)
  4 orc warriors
  4 ogres
  2 ice beasts
  3 sky beasts
  2 phantoms
  6 crocodiles
  3 centaurs
  14 bullfrogs
  2 wyvern skeletons
  3 scorpions
  2 water moccasin skeletons (D:9)
  9 killer bees
  2 electric eels (Lair:2)
  11 wights
  2 howler monkeys (D:9)
  A centaur zombie (D:8)
  4 crimson imps
  4 hounds
  A quasit (D:10)
  A bullfrog zombie (D:7)
  A jelly (D:6)
  A centaur skeleton (D:8)
  An orc priest (D:7)
  7 orc wizards
  2 bullfrog skeletons
  5 iguanas
  Natasha (twice) (D:3)
  6 worker ants
  2 hound skeletons
  5 gnolls
  15 adders
  A river rat (Lair:1)
  A shadow imp (D:8)
  An ooze (D:3)
  An adder skeleton (D:6)
  An adder zombie (D:9)
  A worm (D:2)
  3 dart slugs
  A leopard gecko (D:6)
  19 orcs
  2 ball pythons
  4 giant cockroaches
  7 goblins
  5 hobgoblins
  4 jackals (D:5)
  4 quokkas
  9 bats
  2 frilled lizards
  7 kobolds
  A leopard gecko skeleton (D:7)
  A quokka zombie (D:6)
  6 rats
  A butterfly (Lair:2)
  2 plants
254 creatures vanquished.

Vanquished Creatures (collateral kills)
  Erolcha (D:9)
  The ghost of Overlord the Basher, a novice DrBe of Trog (D:4)
  A hungry ghost (D:7)
  2 ogres
  A scorpion (D:7)
  3 wights (D:9)
  A crimson imp (D:8)
  2 orc priests (D:7)
  4 orc wizards
  Natasha (D:3)
  2 adders (D:7)
  13 orcs
  2 giant cockroaches
  A hobgoblin (D:3)
  2 kobolds (D:3)
37 creatures vanquished.

Vanquished Creatures (others)
  A wraith (D:10)
  A gnoll shaman (D:9)
  2 gnolls (D:9)
  2 ball lightnings (D:10)
  3 plants (D:9)
  6 toadstools (Lair:2)
15 creatures vanquished.

Grand Total: 306 creatures vanquished

Notes
Turn   | Place    | Note
-------+----------+-------------------------------------------
     0 | D:1      | dohliylev the Vampire Enchanter began the quest for the Orb.
     0 | D:1      | Reached XP level 1. HP: 13/13 MP: 3/3
   136 | D:1      | Found a sparkling altar of Nemelex Xobeh.
   224 | D:1      | Became a worshipper of Nemelex Xobeh the Trickster
   920 | D:1      | Received a gift from Nemelex Xobeh
   930 | D:1      | Reached XP level 2. HP: 16/19 MP: 5/5
   934 | D:1      | Learned a level 2 spell: Ensorcelled Hibernation
  1140 | D:2      | Reached skill level 5 in Hexes
  1248 | D:2      | Reached skill level 5 in Stealth
  1248 | D:2      | Reached XP level 3. HP: 13/24 MP: 1/6
  1894 | D:2      | Reached * piety under Nemelex Xobeh
  2274 | D:2      | Reached skill level 1 in Ice Magic
  3084 | D:3      | Reached XP level 4. HP: 29/30 MP: 2/7
  3264 | D:3      | Received a gift from Nemelex Xobeh
  3288 | D:3      | Killed Natasha
  3318 | D:3      | Noticed Natasha
  3320 | D:3      | Killed Natasha
  3320 | D:3      | Reached skill level 6 in Stealth
  3320 | D:3      | Reached XP level 5. HP: 22/35 MP: 0/8
  3810 | D:3      | Noticed Natasha
  3828 | D:3      | Killed Natasha
  4480 | D:4      | Received a gift from Nemelex Xobeh
  4483 | D:4      | Noticed Overlord's ghost (novice DrBe)
  4513 | D:4      | Killed Overlord's ghost
  4513 | D:4      | Reached skill level 7 in Stealth
  4513 | D:4      | Reached XP level 6. HP: 17/42 MP: 7/10
  4518 | D:4      | Learned a level 3 spell: Confuse
  4852 | D:4      | Reached ** piety under Nemelex Xobeh
  4961 | D:4      | Found Kaheoll's Gadget Boutique.
  5116 | D:5      | Entered Level 5 of the Dungeon
  5224 | D:5      | Reached skill level 1 in Fighting
  5318 | D:5      | Noticed an ice beast
  5368 | D:5      | Killed an ice beast
  5368 | D:5      | Reached skill level 8 in Stealth
  5368 | D:5      | Reached XP level 7. HP: 20/48 MP: 1/11
  5497 | D:5      | Found a staircase to the Ecumenical Temple.
  5590 | D:5      | Received a gift from Nemelex Xobeh
  5773 | D:5      | Found a sparkling altar of Nemelex Xobeh.
  6408 | D:6      | Reached skill level 5 in Short Blades
  6423 | D:6      | Reached XP level 8. HP: 54/54 MP: 9/12
  6995 | D:6      | Reached skill level 9 in Stealth
  7113 | D:6      | Reached *** piety under Nemelex Xobeh
  7328 | D:7      | Found a transporter.
  7386 | D:7      | Found a roughly hewn altar of Beogh.
  7392 | D:7      | Reached skill level 10 in Stealth
  7397 | D:7      | Noticed a two-headed ogre
  7397 | D:7      | Noticed a two-headed ogre
  7409 | D:7      | Found a transporter.
  8109 | D:7      | Reached skill level 5 in Dodging
  8122 | D:7      | Received a gift from Nemelex Xobeh
  8149 | D:7      | Noticed a hippogriff
  8158 | D:7      | Killed a hippogriff
  8158 | D:7      | Reached XP level 9. HP: 51/59 MP: 10/13
  8251 | D:7      | Reached skill level 11 in Stealth
  8997 | D:8      | Received a gift from Nemelex Xobeh
  9010 | D:8      | Reached skill level 12 in Stealth
  9330 | D:7      | Killed a two-headed ogre
  9590 | D:7      | Noticed a sea snake
  9590 | D:7      | a two-headed ogre changed into a sea snake
  9594 | D:7      | Killed a sea snake
  9594 | D:7      | Reached skill level 1 in Shields
  9598 | D:7      | Reached XP level 10. HP: 52/68 MP: 9/14
 10367 | D:8      | Received a gift from Nemelex Xobeh
 10493 | D:8      | Reached **** piety under Nemelex Xobeh
 10592 | D:8      | Received a gift from Nemelex Xobeh
 11086 | D:9      | Noticed Psyche
 11383 | D:9      | Killed Psyche
 11446 | D:9      | Received a gift from Nemelex Xobeh
 11449 | D:9      | Found a staircase to the Lair.
 11457 | D:9      | Noticed Erolcha
 11474 | D:9      | Killed Erolcha
 11492 | D:9      | Reached skill level 10 in Dodging
 12016 | D:9      | Reached ***** piety under Nemelex Xobeh
 12045 | D:9      | Received a gift from Nemelex Xobeh
 12622 | D:10     | Entered Level 10 of the Dungeon
 12673 | D:10     | Reached XP level 11. HP: 64/75 MP: 4/15
 13348 | D:10     | Found a burning altar of Makhleb.
 13350 | D:10     | Noticed a blizzard demon
 13420 | D:10     | Noticed Harold
 13442 | D:10     | Killed Harold
 13704 | D:10     | Got a heavily jewelled robe
 13715 | D:10     | Identified the cursed +1 robe of a labyrinth {rElec MR+ Int-4 Slay+3} (You found it on level 10 of the Dungeon)
 13977 | D:10     | Reached skill level 13 in Stealth
 14119 | D:11     | Received a gift from Nemelex Xobeh
 14121 | D:11     | Noticed a green ugly thing
 14132 | D:11     | Killed a green ugly thing
 14238 | Lair:1   | Entered Level 1 of the Lair of Beasts
 14802 | Lair:1   | Received a gift from Nemelex Xobeh
 14862 | Lair:1   | Noticed a six-headed hydra
 14865 | Lair:1   | Killed a six-headed hydra
 14977 | Lair:1   | Identified a scroll of acquirement
 14982 | Lair:1   | Learned a level 1 spell: Pain
 14986 | Lair:1   | Learned a level 3 spell: Regeneration
 14990 | Lair:1   | Learned a level 3 spell: Vampiric Draining
 14995 | Lair:1   | Learned a level 4 spell: Control Undead
 15515 | Lair:2   | Reached skill level 14 in Stealth
 15809 | Lair:2   | Found a hole to the Spider Nest.
 15844 | Lair:2   | Reached skill level 5 in Fighting
 15890 | Lair:2   | Noticed Urug
 15896 | Lair:2   | Killed Urug
 15896 | Lair:2   | Reached skill level 10 in Short Blades
 15983 | Lair:2   | Received a gift from Nemelex Xobeh
 15989 | Lair:2   | Reached XP level 12. HP: 86/86 MP: 15/18
 16031 | Lair:2   | Noticed Fannar
 16066 | Lair:2   | Killed Fannar
 16159 | Lair:2   | Found a runed door.
 16500 | Lair:2   | Reached skill level 15 in Stealth
 16536 | Lair:2   | Noticed a dire elephant
 16708 | Lair:2   | HP: 2/86 [dire elephant (31)]
 16711 | Lair:2   | Engulfed by a lindwurm's steam

Skill      XL: |  1  2  3  4  5  6  7  8  9 10 11 12 |
---------------+-------------------------------------+-----
Hexes          | 5 7 8 9 |  9.7
Stealth        | 5 6 7 8 10 12 14 15 | 15.3
Ice Magic      | 1 2 3 4 |  4.4
Short Blades   | 2 3 5 6 7 9 10 | 10.0
Dodging        | 3 4 5 8 10 11 | 11.1
Fighting       | 1 2 3 5 |  5.4
Spellcasting   | 3 4 |  4.7
Shields        | 1 2 |  2.6

Action                   |  1- 3 |  4- 6 |  7- 9 | 10-12 || total
-------------------------+-------+-------+-------+-------++-------
Melee: Dagger            |    88 |   112 |   270 |   274 ||   744
       Bite              |     6 |    11 |    12 |    14 ||    43
 Cast: Corona            |     6 |       |       |       ||     6
       Ensorcelled Hiber |    26 |    33 |    71 |   156 ||   286
       Confuse           |       |     3 |    17 |    38 ||    58
 Abil: End Transformatio |       |       |     1 |       ||     1
       Bat Form          |       |       |     1 |       ||     1
Evoke: Deck              |       |     8 |    14 |    20 ||    42
  Use: Potion            |     1 |     6 |     4 |    15 ||    26
       Scroll            |       |     3 |     3 |    17 ||    23
 Stab: Sleeping          |    17 |    18 |    35 |    89 ||   159
       Confused          |       |     3 |    16 |    15 ||    34
       Distracted        |       |       |       |     2 ||     2
  Eat: Corpse            |     6 |     7 |     8 |     5 ||    26
Armor: Robe              |    11 |    12 |    24 |    32 ||    79
Dodge: Dodged            |    61 |    68 |   152 |   175 ||   456
Block: Buckler           |       |       |    21 |    40 ||    61
